Map: Ascension to Aiur LE

Players

ZhuGeLiang - Winner!

  • Race: Zerg Zerg
  • Spawn Location: 11:00

JonSnow

  • Race: Zerg Zerg
  • Spawn Location: 5:00

Event: WCS Montreal 2017

VOD

Have the link to the VOD?

Description

Time

  • Played on: Sept. 8, 2017, noon
  • Length: 19:48

All games in this series

Show
View Real Time Build Order
Export as new Build Order

ZhuGeLiang Zerg - Winner!

Build Orders: Hatch First, Zergling Baneling 

Get SALT Encoding   

  12  0:01  Drone  
  13  0:12  Overlord  
  13  0:17  Drone  
  14  0:30  Drone x2  
  14  0:34  Drone  
  17  0:52  Hatchery  
  17  0:54  Drone  
  17  0:58  Drone  
  18  1:09  Extractor  
  17  1:13  Spawning Pool  
  17  1:16  Drone  
  17  1:20  Drone  
  18  1:28  Drone  
  19  1:39  Overlord  
  19  1:59  Queen  
  19  2:00  Zergling x4  
  23  2:03  Queen  
  23  2:04  Zergling x2  
  26  2:08  Metabolic Boost  
  26  2:11  Drone  
  26  2:14  Drone  
  28  2:24  Drone  
  28  2:25  Drone  
  30  2:32  Drone  
  31  2:38  Hatchery  
  30  2:48  Baneling Nest, Zergling x2  
  30  2:50  Zergling x2  
  31  2:54  Zergling x2  
  32  3:01  Overlord  
  32  3:06  Drone  
  32  3:07  Drone  
  32  3:09  Drone x2  
  36  3:20  Zergling x8  
  36  3:25  Overlord  
  36  3:26  Drone  
  41  3:33  Drone x2  
  43  3:35  Baneling x2  
  43  3:40  Drone  
  44  3:44  Zergling x8  
  48  3:50  Drone  
  48  3:51  Drone  
  48  3:53  Queen  
  48  3:55  Baneling x2  
  51  4:03  Drone x4  
  51  4:04  Baneling  
  55  4:10  Overlord  
  55  4:12  Drone x2  
  55  4:15  Overlord  
  56  4:18  Overlord  
  56  4:20  Baneling x2  
  56  4:24  Overlord  
  56  4:29  Extractor  
  56  4:30  Extractor  
  54  4:32  Zergling x2  
  54  4:33  Zergling x8  
  54  4:38  Drone x3  
  62  4:46  Drone x2, Roach Warren  
  62  4:47  Baneling  
  62  4:48  Baneling  
  61  4:55  Drone x4  
  65  5:28  Roach x12  
  89  5:30  Overlord x2  
  89  5:33  Overlord  
  89  5:42  Lair  
  88  5:44  Overlord, Evolution Chamber  
  88  5:45  Drone x2  
  89  5:50  Drone x3  
  89  5:52  Drone  
  93  5:58  Queen  
  92  6:05  Drone x5  
  92  6:10  Roach  
  99  6:16  Zerg Missile Weapons Level 1  
  99  6:19  Roach x3  
  104  6:27  Drone x5  
  104  6:30  Drone x2  
  111  6:34  Drone  
  111  6:35  Drone x2  
  114  6:41  Extractor x2, Glial Reconstitution  
  114  6:44  Roach x2  
  115  6:50  Roach x3  
  121  7:00  Overlord x4  
  121  7:02  Overlord  
  121  7:08  Overlord  
  121  7:14  Overlord  
  121  7:20  Roach x7  
  135  7:24  Roach x2  
  135  7:26  Roach  
  141  7:34  Roach x3  
  147  7:39  Roach x3  
  147  7:40  Roach  
  155  7:51  Roach x7  
  169  7:57  Roach x3  
  175  8:04  Overlord  
  175  8:06  Overlord  
  175  8:12  Ravager x3  
  178  8:13  Zerg Missile Weapons Level 2  
  178  8:25  Roach  
  178  8:26  Ravager, Roach x5  
  189  8:27  Ravager  
  189  8:32  Roach x2  
  189  8:33  Overlord  
  192  8:35  Extractor  
  188  8:45  Roach  
  188  8:46  Roach x3  
  188  8:47  Ravager, Hatchery  
  192  8:52  Roach  
  192  8:53  Roach x4  
  198  9:01  Roach  
  198  9:02  Roach x4  
  155  9:10  Roach x5  
  155  9:12  Roach  
  144  9:18  Roach  
  144  9:19  Roach  
  143  9:25  Drone x2  
  143  9:30  Ravager  
  143  9:31  Ravager  
  147  9:32  Drone  
  147  9:33  Drone  
  147  9:38  Drone x2  
  151  9:41  Ravager  
  151  9:44  Roach  
  154  9:49  Roach x2  
  158  9:56  Roach x9  
  178  10:00  Roach x2  
  178  10:03  Roach x2  
  178  10:05  Ravager  
  185  10:10  Roach x2  
  189  10:14  Overseer  
  189  10:16  Roach x2  
  189  10:19  Roach  
  195  10:22  Roach x2  
  199  10:29  Zerg Ground Armor Level 1  
  195  11:00  Roach x7  
  195  11:01  Roach  
  195  11:03  Roach x4  
  199  11:08  Roach x3  
  199  11:09  Roach x6  
  190  11:15  Roach x6  
  185  11:19  Roach x4  
  185  11:21  Roach x3  
  197  11:36  Roach  
  199  11:43  Spire  
  198  11:50  Extractor  
  198  11:51  Extractor  
  196  11:55  Ravager  
  196  11:56  Ravager  
  196  11:58  Ravager  
  196  12:01  Hatchery  
  194  12:18  Roach x7  
  194  12:19  Roach x4  
  166  12:31  Roach x15  
  166  12:32  Roach  
  166  12:35  Roach  
  188  12:39  Roach x2  
  190  12:45  Drone x4  
  190  12:47  Drone  
  190  12:48  Drone  
  196  12:56  Zerg Ground Armor Level 2  
  196  12:59  Zerg Flyer Weapons Level 1  
  194  13:07  Mutalisk x2  
  194  13:20  Mutalisk  
  194  13:21  Mutalisk x3  
  194  13:25  Mutalisk  
  164  13:30  Roach  
  164  13:31  Roach x2  
  141  13:34  Roach  
  141  13:40  Roach x3  
  142  13:44  Roach x2  
  142  13:45  Roach  
  148  13:54  Roach x2  
  151  13:59  Roach x2  
  150  14:03  Mutalisk x2  
  150  14:08  Ravager  
  150  14:09  Ravager  
  156  14:10  Ravager  
  156  14:12  Mutalisk x2  
  161  14:25  Roach x3  
  161  14:26  Roach x2  
  161  14:29  Roach  
  173  14:33  Ravager  
  173  14:34  Roach x2  
  170  14:46  Roach x5  
  170  14:52  Roach x3  
  180  14:59  Roach x3  
  186  15:01  Ravager x4  
  186  15:02  Ravager  
  191  15:09  Roach x3  
  197  15:18  Overlord  
  197  15:24  Ravager  
  198  15:29  Hatchery  
  198  15:30  Ravager  
  198  15:34  Infestation Pit  
  197  15:37  Ravager  
  197  15:38  Ravager  
  193  15:52  Roach  
  193  15:53  Roach x8  
  175  16:02  Roach  
  175  16:03  Roach x5  
  162  16:08  Roach x2  
  162  16:09  Roach  
  168  16:15  Roach x3  
  168  16:20  Roach x2  
  164  16:26  Roach  
  164  16:27  Roach x2  
  170  16:36  Roach x2  
  170  16:37  Roach x2  
  178  16:40  Ravager  
  178  16:43  Roach  
  181  16:48  Roach x3  
  181  16:50  Ravager  
  188  16:57  Roach x2  
  169  17:03  Roach x5  
  167  17:13  Roach  
  167  17:14  Roach x4  
  140  17:25  Roach  
  140  17:26  Roach x4  
  135  17:30  Roach x2  
  135  17:32  Ravager x2  
  135  17:33  Ravager  
  135  17:36  Roach  
  144  17:41  Roach x2  
  144  17:43  Roach  
  150  17:48  Ravager  
  150  17:49  Roach x2  
  155  17:54  Ravager  
  155  17:56  Roach x2  
  155  17:58  Ravager  
  161  18:05  Roach x4  
  169  18:08  Ravager  
  170  18:15  Roach x3  
  176  18:20  Roach x4  
  184  18:27  Roach x3  
  184  18:33  Roach x4  
  198  18:39  Extractor  
  198  18:40  Extractor  
  198  18:41  Ravager  
  197  18:58  Hatchery  
  196  19:05  Roach  
  192  19:22  Roach x3  
Show
View Real Time Build Order
Export as new Build Order

JonSnow Zerg 

Build Orders: Hatch First, Zergling Baneling 

Get SALT Encoding   

  12  0:00  Drone  
  13  0:16  Overlord  
  13  0:17  Drone  
  14  0:34  Drone x2  
  16  0:37  Drone  
  17  0:52  Hatchery  
  17  0:56  Drone  
  17  1:00  Drone  
  18  1:10  Extractor  
  17  1:15  Spawning Pool  
  17  1:17  Drone  
  17  1:20  Drone  
  18  1:32  Overlord  
  18  1:42  Drone  
  19  2:01  Zergling x2  
  19  2:02  Queen  
  19  2:04  Queen  
  19  2:05  Zergling x4  
  26  2:09  Metabolic Boost  
  26  2:17  Drone x2  
  28  2:26  Drone x2  
  30  2:34  Baneling Nest  
  29  2:43  Drone x2  
  31  2:47  Drone x2  
  33  3:02  Hatchery  
  33  3:04  Overlord  
  32  3:05  Drone  
  32  3:11  Drone x2  
  35  3:18  Zergling x2  
  36  3:22  Baneling  
  36  3:25  Zergling x8  
  36  3:26  Zergling x2  
  41  3:32  Drone  
  43  3:34  Drone  
  43  3:35  Baneling x2  
  43  3:36  Baneling  
  43  3:37  Drone  
  44  3:48  Baneling  
  44  3:49  Baneling x2  
  44  3:54  Overlord x2  
  42  4:03  Zergling x4  
  42  4:04  Baneling x3  
  42  4:09  Overlord  
  44  4:12  Roach Warren  
  43  4:19  Drone x5  
  43  4:20  Drone  
  43  4:23  Queen  
  51  4:27  Drone  
  51  4:28  Drone  
  51  4:29  Extractor  
  52  4:35  Drone x2  
  52  4:37  Zergling x2  
  53  4:50  Zergling x6  
  55  4:54  Overlord  
  55  4:56  Extractor  
  55  4:57  Drone x2  
  56  5:05  Overlord  
  56  5:14  Roach x7  
  69  5:23  Overlord  
  69  5:25  Overlord  
  69  5:28  Drone x2  
  71  5:29  Drone  
  71  5:30  Drone x2  
  74  5:41  Roach x4  
  74  5:42  Roach x2  
  84  5:58  Roach x4  
  84  6:04  Lair  
  91  6:06  Evolution Chamber  
  91  6:07  Drone x4  
  91  6:08  Drone x3  
  94  6:15  Drone x3  
  97  6:19  Overlord  
  97  6:21  Overlord  
  97  6:26  Overlord  
  97  6:28  Zergling x2  
  97  6:29  Overlord  
  97  6:30  Overlord x2  
  98  6:35  Zerg Missile Weapons Level 1  
  98  6:36  Roach x2  
  98  6:37  Roach  
  104  6:42  Roach x3  
  110  6:52  Overlord  
  110  6:55  Drone  
  110  6:56  Drone x5  
  110  6:57  Extractor x2  
  110  6:59  Extractor  
  113  7:07  Glial Reconstitution  
  113  7:09  Drone  
  113  7:11  Evolution Chamber  
  113  7:12  Roach  
  113  7:13  Roach x6  
  127  7:21  Drone x4  
  130  7:27  Overlord  
  130  7:36  Overlord x2, Overseer  
  130  7:39  Roach  
  130  7:40  Roach x6, Evolution Chamber  
  130  7:43  Zerg Ground Armor Level 1  
  144  7:49  Overlord  
  144  7:51  Overlord  
  144  7:54  Roach x3  
  144  7:55  Roach  
  152  8:03  Drone x2  
  152  8:04  Drone x3  
  157  8:05  Overlord  
  157  8:06  Ravager  
  157  8:07  Ravager x3  
  157  8:11  Roach x2  
  157  8:12  Spine Crawler, Roach  
  166  8:14  Roach  
  166  8:19  Roach x2  
  169  8:28  Roach  
  169  8:29  Roach x5  
  178  8:39  Roach x2  
  178  8:40  Roach  
  174  8:52  Roach x2  
  174  8:53  Roach  
  173  8:58  Roach x2  
  162  9:04  Roach  
  130  9:10  Roach x2  
  130  9:11  Roach  
  130  9:16  Queen x2  
  124  9:20  Roach x3  
  126  9:28  Extractor  
  126  9:30  Roach x2  
  129  9:32  Ravager  
  129  9:37  Roach  
  129  9:38  Hatchery  
  131  9:41  Roach  
  131  9:42  Roach x2  
  137  9:51  Drone x2  
  139  9:59  Zerg Missile Weapons Level 2  
  139  10:00  Overlord  
  139  10:05  Roach  
  139  10:06  Roach x2  
  145  10:07  Overlord  
  145  10:10  Drone  
  145  10:13  Roach  
  145  10:14  Roach  
  150  10:17  Roach  
  152  10:25  Roach  
  152  10:26  Roach x7  
  168  10:32  Roach  
  168  10:35  Ravager  
  171  10:36  Roach  
  171  10:39  Roach  
  175  10:44  Roach x2  
  179  10:52  Roach x4  
  179  10:53  Roach x2  
  191  11:03  Roach  
  191  11:04  Roach x6  
  178  11:10  Roach x3  
  154  11:14  Roach  
  154  11:17  Roach x2  
  132  11:21  Roach  
  132  11:27  Roach x3  
  132  11:31  Roach  
  132  11:32  Roach x2  
  144  11:39  Ravager  
  145  11:41  Ravager  
  145  11:42  Roach x3  
  145  11:47  Roach x3  
  158  11:48  Ravager  
  159  11:55  Roach x3  
  159  11:58  Ravager x2  
  167  12:03  Roach  
  167  12:04  Roach x3  
  169  12:15  Roach  
  169  12:16  Roach x4  
  169  12:19  Roach  
  142  12:25  Roach  
  142  12:26  Roach x2  
  139  12:31  Roach x2  
  131  12:38  Roach x4  
  137  12:45  Roach x3  
  137  12:46  Roach  
  137  12:48  Ravager  
  137  12:49  Roach  
  148  12:54  Roach x2  
  148  12:56  Ravager  
  153  13:06  Roach x4  
  153  13:10  Roach x2  
  153  13:11  Roach  
  167  13:16  Roach x2  
  145  13:29  Roach x6  
  147  13:36  Roach x3  
  153  13:44  Hydralisk Den  
  152  13:50  Hatchery  
  152  13:53  Roach x2  
  149  14:15  Hydralisk x7  
  163  14:20  Hydralisk  
  162  14:28  Spore Crawler  
  162  14:29  Spore Crawler  
  160  14:32  Hydralisk x2  
  160  14:33  Hydralisk  
  164  14:40  Roach x3  
  169  14:49  Spore Crawler  
  168  14:57  Muscular Augments  
  168  15:02  Roach x2  
  170  15:17  Overlord  
  170  15:18  Overlord x3  
  170  15:21  Overlord  
  170  15:35  Hydralisk x3  
  176  15:43  Roach  
  176  15:46  Ravager  
  140  15:57  Roach  
  140  15:58  Roach x3  
  140  16:07  Roach  
  140  16:08  Roach x2  
  144  16:14  Roach  
  140  16:24  Roach x2  
  138  16:36  Roach x2  
  142  16:42  Roach x2  
  142  16:44  Ravager  
  144  16:55  Roach x2  
  136  17:03  Roach  
  117  17:12  Roach x2  
  81  17:23  Roach  
  81  17:25  Roach  
  77  17:58  Hatchery  
  77  18:03  Roach  
  78  18:10  Ravager x3  
  81  18:19  Roach  
  83  18:21  Ravager x2  
  83  18:22  Ravager  
  86  18:28  Ravager  
  87  18:36  Roach  
  89  18:43  Roach  
  89  18:46  Ravager  
  92  18:49  Ravager  
  93  18:59  Roach  
  95  19:09  Roach  
  94  19:16  Roach  
Tags
 
Add a new tag
Caveats
  • Supply blocks, unpowered buildings, or Contaminate may cause inaccurate times.
  • Supply counts are checked every 10 seconds.